 Dungeon Sprint DCSS version 0.23-a0-726-g9fa1570 (webtiles) character file.

2834 Lanoc the Carver (level 9, 0/78 HPs)
             Began as a Demonspawn Fighter on Jan 17, 2019.
             Was an Elder of Okawaru.
             Succumbed to a spiny frog's poison
             ... in the Dungeon (Sprint IX: "|||||||||||||||||||||||||||||").
             The game lasted 00:03:09 (650 turns).

Lanoc the Carver (Demonspawn Fighter)                Turns: 650, Time: 00:03:10

Health: 0/78       AC: 18    Str: 20    XL:     9   Next: 45%
Magic:  16/16      EV:  9    Int: 13    God:    Okawaru [****..]
Gold:   0          SH:  9    Dex: 12    Spells: 8/8 levels left

rFire    . . .     SeeInvis .   a - +0 long sword
rCold    . . .     Gourm    .   c - +0 shield
rNeg     . . .     Faith    .   q - +1 chain mail
rPois    .         Spirit   .   (no helmet)
rElec    .         Reflect  .   p - +0 cloak
rCorr    .         Harm     .   (no gloves)
MR       .....     NoTele   +   (no boots)
Stlth    ..........             (no amulet)
HPRegen  0.23/turn              b - +3 ring of intelligence
MPRegen  0.15/turn              r - +2 ring of protection

@: lethally poisoned (0 -> -16), berserk cooldown, very slightly contaminated,
slowed, invisible (expiring), very slow
A: talons 1, slimy green scales 2, rot immunity
a: Heroism, Renounce Religion


You were in the Dungeon.
You worshipped Okawaru.
Okawaru was greatly pleased with you.
You were not hungry.

You visited 1 branch

Inventory:

Hand Weapons
 a - a +0 long sword (weapon)
Missiles
 t - 2 throwing nets (quivered)
Armour
 c - a +0 shield (worn)
 p - a +0 cloak (worn)
 q - a +1 chain mail (worn)
Jewellery
 b - a +3 ring of intelligence (left hand)
 r - a +2 ring of protection (right hand)
Wands
 o - a wand of iceblast (10)
Scrolls
 k - 4 scrolls of blinking
 m - 3 scrolls of remove curse
 n - 2 scrolls of amnesia
 u - 2 scrolls of enchant weapon
 v - a scroll of identify
 w - a scroll of fog
Potions
 d - 2 potions of brilliance
 h - a potion of haste
 i - 4 potions of magic
 l - a potion of might
 s - a potion of mutation
Comestibles
 f - a ration


   Skills:
 + Level 9.8 Fighting
 * Level 12.0 Long Blades
 + Level 8.9 Armour
 + Level 8.4 Dodging
 - Level 2.6 Shields
 + Level 10.3 Invocations


You had 8 spell levels left.
You didn't know any spells.
Your spell library was empty.

Dungeon Overview and Level Annotations

Branches:
Dungeon (1/1)

Altars:
Cheibriados
Dithmenos
Elyvilon
Fedhas
Gozag
Hepliaklqana
Kikubaaqudgha
Makhleb
Nemelex Xobeh
Okawaru
Qazlal
Ru
Sif Muna
Trog
Uskayaw
Vehumet
Wu Jian
Xom
Yredelemnul
Zin
The Shining One
Beogh
Jiyva
Lugonu


Innate Abilities, Weirdness & Mutations

You have sharp toenails.
You are mostly covered in slimy green scales. (AC +3)
You are immune to rotting.


Message History

* * * LOW HITPOINT WARNING * * *
The blink frog blinks!
The spiny frog misses you. You block the blink frog's attack.
You hit the spiny frog.
The spiny frog is severely wounded.
The blink frog hits you.
* * * LOW HITPOINT WARNING * * *
The spiny frog barely misses you. The blink frog barely misses you.
Unknown command.
You barely miss the spiny frog.
The spiny frog is severely wounded.
The spiny frog barely misses you. The blink frog hits you!
* * * LOW HITPOINT WARNING * * *
The spiny frog stings you.
* * * LOW HITPOINT WARNING * * *
You are lethally poisoned!
The spiny frog poisons you!
You hit the spiny frog. Your kick misses the spiny frog.
The spiny frog is severely wounded.
You die...

▓▓▓▓▓▓▓▓▓▓▓▓▓▓▓▓▓▓▓▓▓▓▓▓
...'.....[(....F@FYr....
▓▓▓▓▓▓▓▓▓▓▓▓▓▓▓▓▓▓▓▓▓▓▓▓▓▓▓▓▓▓▓▓▓
.................................
▓▓▓▓▓▓▓▓▓▓▓▓▓▓▓▓▓▓▓▓▓▓▓▓▓▓▓▓▓▓▓▓▓
÷.....'[....'____________________
▓▓▓▓▓▓▓▓▓▓▓▓▓▓▓▓▓▓▓▓▓▓▓▓▓▓▓▓▓▓▓▓▓


You could see a yak, a spiny frog, a blink frog and a porcupine.

Vanquished Creatures
  A tengu warrior (D)
  An unseen horror (D)
  A gargoyle (D)
  2 spiny frogs (D)
  A komodo dragon (D)
  A water moccasin (D)
  A porcupine (D)
  An ice beast (D)
  A centaur (D)
  A bullfrog (D)
  A scorpion (D)
  A wight (D)
  A worker ant (D)
  An adder (D)
  2 shadow imps (D)
  A dart slug (D)
  A leopard gecko (D)
  An orc (D)
  2 bat zombies (D)
  A giant cockroach (D)
  A kobold (D)
  A bat (D)
  2 rats (D)
27 creatures vanquished.

Notes
Turn   | Place    | Note
-------+----------+-------------------------------------------
     0 | D        | Lanoc the Demonspawn Fighter began the quest for the Orb.
     0 | D        | Reached XP level 1. HP: 18/18 MP: 1/1
     5 | D        | Reached skill level 2 in Long Blades
     7 | D        | Reached skill level 1 in Dodging
    22 | D        | Noticed an ice beast
    22 | D        | Noticed a worker ant
    26 | D        | Killed an ice beast
    26 | D        | Reached skill level 5 in Long Blades
    26 | D        | Gained mutation: You are partially covered in slimy green
                  | scales. (AC +2) [demonic ancestry]
    26 | D        | Reached XP level 2. HP: 26/26 MP: 2/2
    26 | D        | Reached XP level 3. HP: 32/32 MP: 3/3
    26 | D        | Gained mutation: You are mostly covered in slimy green
                  | scales. (AC +3) [demonic ancestry]
    26 | D        | Reached XP level 4. HP: 38/38 MP: 4/4
    42 | D        | Reached skill level 5 in Fighting
    50 | D        | Found a roughly hewn altar of Beogh.
    50 | D        | Found a snail-covered altar of Cheibriados.
    50 | D        | Found a shadowy altar of Dithmenos.
    50 | D        | Found a white marble altar of Elyvilon.
    50 | D        | Found a blossoming altar of Fedhas.
    50 | D        | Found an opulent altar of Gozag.
    51 | D        | Found a hazy altar of Hepliaklqana.
    52 | D        | Found a viscous altar of Jiyva.
    53 | D        | Found an ancient bone altar of Kikubaaqudgha.
    54 | D        | Found a corrupted altar of Lugonu.
    55 | D        | Found a burning altar of Makhleb.
    56 | D        | Found a sparkling altar of Nemelex Xobeh.
    57 | D        | Found an iron altar of Okawaru.
    58 | D        | Found a stormy altar of Qazlal.
    59 | D        | Found a sacrificial altar of Ru.
    60 | D        | Found a deep blue altar of Sif Muna.
    61 | D        | Found a bloodstained altar of Trog.
    62 | D        | Found a hide-covered altar of Uskayaw.
    63 | D        | Found a radiant altar of Vehumet.
    64 | D        | Found an ornate altar of the Wu Jian Council.
    67 | D        | Became a worshipper of Warmaster Okawaru
    68 | D        | Found a shimmering altar of Xom.
    69 | D        | Found a basalt altar of Yredelemnul.
    70 | D        | Found a glowing silver altar of Zin.
    71 | D        | Found a glowing golden altar of the Shining One.
   115 | D        | Noticed a centaur
   115 | D        | Noticed a water moccasin
   130 | D        | Killed a centaur
   130 | D        | Reached skill level 6 in Long Blades
   130 | D        | Reached skill level 5 in Armour
   130 | D        | Reached XP level 5. HP: 41/46 MP: 4/7
   159 | D        | Killed a water moccasin
   159 | D        | Reached skill level 7 in Long Blades
   159 | D        | Gained mutation: You are immune to rotting. [demonic
                  | ancestry]
   159 | D        | Reached XP level 6. HP: 38/53 MP: 7/9
   179 | D        | Killed an unseen horror
   179 | D        | Reached * piety under Okawaru
   179 | D        | Reached ** piety under Okawaru
   179 | D        | Reached skill level 9 in Long Blades
   179 | D        | Reached XP level 7. HP: 42/61 MP: 9/12
   195 | D        | Noticed a gargoyle
   195 | D        | Noticed a tengu warrior
   203 | D        | Killed a gargoyle
   203 | D        | Reached *** piety under Okawaru
   203 | D        | Reached skill level 10 in Long Blades
   203 | D        | Reached XP level 8. HP: 43/68 MP: 13/13
   235 | D        | Killed a tengu warrior
   235 | D        | Reached **** piety under Okawaru
   235 | D        | Reached skill level 11 in Long Blades
   601 | D        | Noticed a spiny frog
   601 | D        | Noticed a blink frog
   601 | D        | Noticed a spiny frog
   601 | D        | Noticed a komodo dragon
   603 | D        | Noticed a spiny frog
   618 | D        | Killed a spiny frog
   618 | D        | Gained mutation: You have sharp toenails. [demonic
                  | ancestry]
   618 | D        | Reached XP level 9. HP: 36/76 MP: 14/16
   632 | D        | Killed a spiny frog
   632 | D        | Reached skill level 10 in Invocations
   637 | D        | Killed a komodo dragon
   637 | D        | Reached skill level 12 in Long Blades
   649 | D        | HP: 3/78 [spiny frog (6)]
   650 | D        | Succumbed to a spiny frog's poison

Vault maps used:
D:        linesprint

Skill      XL: |  1  2  3  4  5  6  7  8  9 |
---------------+----------------------------+-----
Long Blades    | 5 6 7 9 10 11 12 | 12.0
Armour         | 4 5 7 8 |  8.9
Dodging        | 3 4 6 7 8 |  8.4
Fighting       | 4 5 6 7 8 9 |  9.8
Invocations    | 2 4 7 9 10 | 10.3
Shields        | |  2.6

Action                   |  1- 3 |  4- 6 |  7- 9 || total
-------------------------+-------+-------+-------++-------
Melee: Long sword        |    10 |    74 |    92 ||   176
       Kick              |       |       |    11 ||    11
  Use: Potion            |     1 |     4 |     7 ||    12
Armor: Chain mail        |       |    55 |    53 ||   108
       Scale mail        |       |     7 |       ||     7
Dodge: Dodged            |     5 |    16 |    45 ||    66
Block: Shield            |     4 |    27 |    49 ||    80
       Rpst.: Long sword |     2 |     4 |    10 ||    16

Table legend:
 A = Non-vault XP
 B = Vault XP
 C = Vault XP percentage of total XP
 D = Non-vault monster count
 E = Vault monster count
 F = Vault count percentage of total count
                 A         B        C        D         E       F
            +---------+---------+-------+---------+---------+-------
      Total |       0 |    4049 | 100.0 |       0 |      27 | 100.0
            +---------+---------+-------+---------+---------+-------
          D |       0 |    4049 | 100.0 |       0 |      27 | 100.0
            +---------+---------+-------+---------+---------+-------
